AoeStats
← -Luxo-

Arabia

505822232Analyzed
1v1 RM · 22d ago on Sep 11, 2026· 55m 34s· 2 players
Game mode
Random Map
Map size
Tiny (2 player)
Population
200
Speed
Normal
Resources
Standard
Victory
Conquest
Starting age
Dark Age
Ending age
Imperial Age
RankedLock teamsTeams togetherTeam positionsShared explorationLock speedFull tech treeHidden civsTurbo modeCheats
Victory
Defeat
🇩🇪 Celts · Germany
919
+16
🇬🇧 Koreans · United Kingdom
928
-16
-Luxo-
9:42 Loom
13:01 Feudal Age
14:19 Wheelbarrow
13:42 Horse Collar
13:49 Double-Bit Axe
21:21 Castle Age
22:36 Bow Saw
22:34 Heavy Plow
27:45 Elite Skirmisher
30:13 Fletching
32:14 Hand Cart
32:16 Town Watch
33:28 Stronghold
42:39 Imperial Age
41:55 Town Patrol
43:47 Conscription
43:39 Furor Celtica
43:14 Capped Ram
44:23 Stone Mining
44:23 Gold Mining
45:40 Elite Woad Raider
46:58 Hoardings
48:57 Stone Shaft Mining
48:57 Gold Shaft Mining
49:49 Ballistics
49:25 Murder Holes
49:41 Masonry
50:33 Chemistry
53:26 Spies/Treason
54:55 Forging
54:45 Scale Mail Armor
55:25 Onager
GreatGurkhas
7:01 Loom
9:30 Feudal Age
10:18 Double-Bit Axe
12:09 Gold Mining
16:03 Fletching
17:27 Horse Collar
18:56 Town Watch
26:05 Castle Age
25:39 Stone Mining
27:02 Bow Saw
26:55 Heavy Plow
26:35 Crossbowman
29:00 Bodkin Arrow
33:34 Scale Mail Armor
33:52 Murder Holes
35:29 Gold Shaft Mining
35:59 Ballistics
36:14 Squires
37:18 Masonry
44:07 Imperial Age
43:07 Wheelbarrow
44:32 Hand Cart
44:41 Forging
44:44 Thumb Ring
44:34 Capped Ram
46:59 Conscription
47:10 Arbalester
49:42 Elite Fire Lancer
54:58 Elite Fire Lancer
Connection lost

Rejoining the realm…

Still unreachable

The connection could not be restored.

Session expired

The server has moved on; the page needs a fresh start.